 Dungeon Crawl Stone Soup version 0.28.0-49-g6dfe1f597d (webtiles) character file.

Game seed: 16684112902829596933

6426 Atelerd the Thaumaturge (level 10, -2/61 HPs)
             Began as an Octopode Earth Elementalist on May 15, 2022.
             Was a Follower of Sif Muna.
             Slain by a two-headed ogre
             ... wielding a +0 giant club
              (10 damage)
             ... on level 10 of the Dungeon.
             The game lasted 00:19:05 (13904 turns).

Atelerd the Thaumaturge (OpEE)                     Turns: 13904, Time: 00:19:05

Health: -2/61      AC:  1    Str: 10    XL:     10   Next: 98%
Magic:  18/25      EV: 13    Int: 21    God:    Sif Muna [*.....]
Gold:   507        SH:  0    Dex: 13    Spells: 21/32 levels left

rFire   . . .      SeeInvis .   D - +0 short sword (venom)
rCold   . . .      Faith    .   (no shield)
rNeg    . . .      Spirit   .   (helmet restricted)
rPois   .          Reflect  .   (no amulet)
rElec   .          Harm     .   u - ring of willpower
rCorr   .          Rampage  .   (no ring)
Will    +....                   (no ring)
Stlth   ++++......              (no ring)
HPRegen 0.20/turn               (no ring)
MPRegen 0.19/turn               (no ring)
                                (no ring)
                                (no ring)

@: no status effects
A: almost no armour, amphibious, 8 rings, camouflage 1, gelatinous body 1,
(nimble swimmer 1), tentacles, robust 1, strong 1, MP-powered wands
a: Renounce Religion, Channel Magic


You were on level 10 of the Dungeon.
You worshipped Sif Muna.
Sif Muna was aware of your devotion.
You visited 2 branches of the dungeon, and saw 11 of its levels.
You also visited: Sewer.

You collected 507 gold pieces.

Inventory:

Hand Weapons
 c - a +0 dagger
 D - a +0 short sword of venom (weapon)
Missiles
 b - 185 stones
Jewellery
 u - a ring of willpower (left tentacle)
 y - an amulet of the acrobat
Wands
 t - a wand of digging (5)
 B - a wand of charming (5)
 E - a wand of acid (2)
Scrolls
 e - 3 scrolls of noise
 f - a scroll of enchant weapon {unknown}
 g - 2 scrolls of teleportation
 h - a scroll of fear {unknown}
 j - a scroll of magic mapping {unknown}
 k - 2 scrolls of enchant armour {unknown}
 n - 5 scrolls of identify {unknown}
 q - a scroll of vulnerability {unknown}
 r - a scroll of blinking {unknown}
 v - a scroll of fog {unknown}
 A - a scroll of immolation {unknown}
 C - a scroll of amnesia {unknown}
Potions
 a - a potion of invisibility {unknown}
 d - 3 potions of lignification
 i - 2 potions of heal wounds {unknown}
 l - 2 potions of brilliance {unknown}
 m - 3 potions of haste {unknown}
 o - 2 potions of might {unknown}
 p - a potion of cancellation {unknown}
 s - a potion of curing
 w - 3 potions of attraction {unknown}
 x - a potion of flight {unknown}
 z - a potion of magic {unknown}


   Skills:
 - Level 2.0 Short Blades
 - Level 2.0 Dodging
 - Level 6.0 Stealth
 + Level 11.5 Spellcasting
 - Level 3.0 Conjurations
 - Level 5.0 Transmutations
 - Level 2.0 Air Magic
 - Level 7.0 Earth Magic
 - Level 2.0 Poison Magic
 - Level 3.0 Invocations


You had 21 spell levels left.
You knew the following spells:

 Your Spells              Type           Power      Damage    Failure   Level
a - Sandblast             Erth           82%        2d17      1%          1
b - Mephitic Cloud        Conj/Pois/Air  21%        N/A       6%          3
c - Swiftness             Air            20%        N/A       8%          3
p - Petrify               Tmut/Erth      37%        N/A       4%          4

Your spell library contained the following spells:

 Spells                   Type           Power      Damage    Failure   Level
 Magic Dart               Conj           96%        1d7       1%          1
 Passwall                 Tmut/Erth      30%        N/A       1%          2
 Stone Arrow              Conj/Erth      66%        3d11      2%          3
 Call Imp                 Summ           12%        N/A       9%          2
 Ensorcelled Hibernation  Hex/Ice        24%        N/A       9%          2
 Gell's Gravitas          Tloc           12%        N/A       17%         3
 Lesser Beckoning         Tloc           12%        N/A       17%         3
 Portal Projectile        Hex/Tloc       24%        N/A       17%         3
 Teleport Other           Tloc           12%        N/A       17%         3
 Blade Hands              Tmut           16%        N/A       21%         5
 Excruciating Wounds      Necr           6%         N/A       83%         5


Dungeon Overview and Level Annotations

Branches:
Dungeon (10/15)            Temple (1/1) D:5            Lair (0/6) D:8
  Sewer (visited)
    Orc: D:9-12

Altars:
Ashenzari
Cheibriados
Dithmenos
Elyvilon
Fedhas
Gozag
Hepliaklqana
Nemelex Xobeh
Okawaru
Qazlal
Ru
Sif Muna
Trog
Uskayaw
Vehumet
Wu Jian
Yredelemnul
The Shining One

Shops:
D:6 *

Annotations:
D:4 exclusion: 2 downstairs
D:5 2 transporters, glosham's ghost, weakling DjCA
D:6 exclusion: wraith
D:7 exclusion: downstairs
D:8 3 runed translucent doors, spica's ghost, novice HOBe


Innate Abilities, Weirdness & Mutations

You cannot wear most types of armour.
You are amphibious.
You can wear up to eight rings at the same time.
Your skin changes colour to match your surroundings (Stealth+).
Your rubbery body absorbs attacks. (AC +1, EV +1)
((You are camouflaged when in or above water. (Stealth+)))
You have tentacles for arms and can constrict up to eight enemies at once.
You are robust. (+10% HP)
Your muscles are strong. (Str +2)
You expend magic power (3 MP) to strengthen your wands.


Message History

Casting: Petrify (dangerous; 4% risk of failure)
Confirm with . or Enter, or press ? or * to list all spells.
Aiming: Petrify (dangerous; 4% risk of failure)
Press: ? - help, Shift-Dir - straight line, f/p - two-headed ogre
Aim: a two-headed ogre, wielding a +0 giant club and a +0 dire flail (chance to affect: 47%)
The two-headed ogre resists with some effort.
Casting: Petrify (dangerous; 4% risk of failure)
Confirm with . or Enter, or press ? or * to list all spells.
Aiming: Mephitic Cloud (dangerous; 6% risk of failure)
Press: ? - help, Shift-Dir - straight line, f/p - two-headed ogre
Aim: a two-headed ogre, wielding a +0 giant club and a +0 dire flail (chance to affect: 53%)
The ball explodes into a vile cloud!
The stinking cloud engulfs the two-headed ogre but does no damage.
The two-headed ogre is engulfed in noxious fumes.
Unknown command.
You barely miss the two-headed ogre. You squeeze the two-headed ogre.
The two-headed ogre is lightly wounded.
The two-headed ogre hits you with a +0 giant club!!
The two-headed ogre hits you with a +0 dire flail!
Unknown command.
You see here a +0 leather armour.
You see here a +0 spear.
There is an open door here.
There is an open door here.
Casting: Mephitic Cloud (dangerous; 6% risk of failure)
Confirm with . or Enter, or press ? or * to list all spells.
Aiming: Mephitic Cloud (dangerous; 6% risk of failure)
Press: ? - help, Shift-Dir - straight line, f/p - two-headed ogre
Aim: a two-headed ogre, wielding a +0 giant club and a +0 dire flail (chance to affect: 53%) That beam is likely to hit you.
Continue anyway?
The ball explodes into a vile cloud!
The stinking cloud engulfs the two-headed ogre but does no damage.
The stinking cloud engulfs you but does no damage.
You are engulfed in noxious fumes.
The two-headed ogre is engulfed in noxious fumes.
The two-headed ogre appears confused.
The two-headed ogre hits you with a +0 giant club!!
* * * LOW HITPOINT WARNING * * *
The two-headed ogre hits you with a +0 dire flail!
You die...

#.. #.#### .. ######....#
#### ##.## #........># ...
...# #.#.......#
..######.####.#..#....#
.......[....#......##.#
.##########.#.#..#.##.###
.#........#.#.#☼○.......##
.#........'...☼O@..)..##.#
.#........#.#.####)#####.###
)#........#...####.###
#)#.##
.#........#..........#
#....##
.#........#.####...>.#
###...##+# .'........#.#
#.....# ####..?#
.#........#.# #.....# #..##
.##########.# #.....# #.##
............# ####### #.#


You could see a two-headed ogre (confused).

Vanquished Creatures
  A two-headed ogre (D:10)
  A hornet (D:9)
  A spriggan (D:10)
  A wyvern (D:8)
  11 yaks
  A basilisk (D:8)
  4 water moccasins
  An orc warrior (D:5)
  A sky beast (D:5)
  6 black bears
  2 ice beasts
  2 necrophages
  2 ogres (D:5)
  A wolf (D:8)
  2 centaurs
  5 kobold brigands
  A wyvern zombie (D:5)
  A bullfrog (D:8)
  A scorpion (D:5)
  A wyvern skeleton (D:7)
  A water moccasin skeleton (D:5)
  2 wights (D:6)
  A howler monkey (D:5)
  7 hounds
  6 orc priests
  A gnoll shaman (D:5)
  2 iguanas
  An orc wizard (D:5)
  2 killer bee zombies
  A hound skeleton (D:4)
  6 adders
  5 gnolls (D:5)
  A shadow imp (D:6)
  2 ufetubi
  2 worms
  2 dart slugs
  21 orcs
  14 ball pythons
  2 endoplasms
  3 giant cockroaches
  3 goblins
  4 hobgoblins
  5 bats
  A frilled lizard (D:2)
  25 kobolds
  9 rats
175 creatures vanquished.

Vanquished Creatures (collateral kills)
  A basilisk (D:8)
  A water moccasin (D:8)
2 creatures vanquished.

Vanquished Creatures (others)
  5 fungi (D:8)
  21 plants
26 creatures vanquished.

Grand Total: 203 creatures vanquished

Notes
Turn   | Place    | Note
-------+----------+-------------------------------------------
     0 | D:1      | Atelerd the Octopode Earth Elementalist began the quest for
                  | the Orb.
     0 | D:1      | Reached XP level 1. HP: 11/11 MP: 3/3
   326 | D:1      | Reached XP level 2. HP: 16/17 MP: 5/5
  1042 | D:2      | Found a faded altar of an unknown god.
  1251 | D:2      | Found a white marble altar of Elyvilon.
  1350 | D:2      | Reached XP level 3. HP: 19/21 MP: 4/6
  1998 | D:3      | Found a glowing drain.
  2010 | Sewer    | Entered a sewer
  2028 | Sewer    | Noticed a kobold brigand
  2047 | Sewer    | Gained mutation: Your mind is acute. (Int +2) [potion of
                  | mutation]
  2055 | Sewer    | Killed a kobold brigand
  2056 | Sewer    | Reached XP level 4. HP: 5/27 MP: 0/8
  2360 | Sewer    | Reached XP level 5. HP: 23/31 MP: 6/9
  2462 | Sewer    | Learned a level 4 spell: Petrify
  2515 | Sewer    | Noticed a kobold brigand
  2532 | Sewer    | Reached skill level 3 in Spellcasting
  2669 | Sewer    | Killed a kobold brigand
  2740 | Sewer    | Noticed a kobold brigand
  2755 | Sewer    | Killed a kobold brigand
  2756 | Sewer    | Reached XP level 6. HP: 27/36 MP: 4/11
  4397 | D:4      | Learned a level 3 spell: Mephitic Cloud
  4649 | D:4      | Noticed a necrophage
  4655 | D:4      | Killed a necrophage
  4656 | D:4      | Reached skill level 5 in Transmutations
  4656 | D:4      | Reached XP level 7. HP: 35/41 MP: 8/12
  4980 | D:5      | Entered Level 5 of the Dungeon
  6000 | D:5      | Reached skill level 4 in Spellcasting
  6000 | D:5      | Reached skill level 5 in Earth Magic
  6694 | D:6      | Reached skill level 1 in Short Blades
  6822 | D:6      | Noticed a wraith
  6851 | D:6      | Found Nbbohosu's Needful Niceties.
  7270 | D:6      | Lost mutation: Your mind is acute. (Int +2) [potion of
                  | mutation]
  7270 | D:6      | Gained mutation: You expend magic power (3 MP) to
                  | strengthen your wands. [potion of mutation]
  7270 | D:6      | Gained mutation: Your muscles are strong. (Str +2) [potion
                  | of mutation]
  7270 | D:6      | Gained mutation: You are robust. (+10% HP) [potion of
                  | mutation]
  7606 | D:6      | Reached XP level 8. HP: 50/50 MP: 8/14
  8100 | D:7      | Reached skill level 5 in Stealth
  8189 | D:7      | Reached skill level 5 in Spellcasting
  8381 | D:7      | Learned a level 3 spell: Swiftness
  8664 | D:7      | Reached skill level 1 in Air Magic
  9077 | D:8      | Found a runed translucent gate.
  9077 | D:8      | Found a runed translucent gate.
  9077 | D:8      | Found a runed translucent gate.
  9077 | D:8      | Noticed spica's ghost (novice HOBe)
  9578 | D:8      | Noticed a yak
  9581 | D:8      | Noticed a yak
  9582 | D:8      | Noticed a yak
  9582 | D:8      | Noticed a yak
  9599 | D:8      | Killed a yak
  9600 | D:8      | Reached skill level 6 in Spellcasting
  9600 | D:8      | Reached XP level 9. HP: 54/56 MP: 16/18
  9864 | D:5      | Found a staircase to the Ecumenical Temple.
  9974 | Temple   | Entered the Ecumenical Temple
 10095 | Temple   | Became a worshipper of Sif Muna the Loreminder
 10195 | D:5      | Reached skill level 7 in Spellcasting
 10230 | D:5      | Reached skill level 1 in Conjurations
 10230 | D:5      | Reached skill level 1 in Poison Magic
 10230 | D:5      | Reached skill level 1 in Invocations
 10585 | D:5      | Found a transporter.
 10587 | D:5      | Noticed glosham's ghost (weakling DjCA)
 10588 | D:5      | Found a transporter.
 11549 | D:8      | Found a staircase to the Lair.
 11579 | D:8      | Reached skill level 8 in Spellcasting
 11591 | D:8      | Reached XP level 10. HP: 50/61 MP: 14/22
 11932 | D:8      | Reached skill level 9 in Spellcasting
 12769 | D:9      | Found a hazy altar of Hepliaklqana.
 12840 | D:9      | Reached skill level 10 in Spellcasting
 13363 | D:10     | Entered Level 10 of the Dungeon
 13631 | D:10     | Noticed a two-headed ogre
 13631 | D:10     | Noticed a two-headed ogre
 13646 | D:10     | Reached skill level 11 in Spellcasting
 13780 | D:10     | Killed a two-headed ogre
 13780 | D:10     | Reached * piety under Sif Muna
 13904 | D:10     | Slain by a two-headed ogre

Illustrated notes

Levels and vault maps discovered:
D:1:      mrwooster_arrival_statue_2, layout_basic, chequers_serial_rivers_marsh
D:2:      layout_basic, nicolae_ecumenical_pavilion, basic_altar,
          uniq_crazy_yiuf_cottage
D:3:      layout_loops_ring, cheibrodos_sewer_entry_drain, serial_forest,
          infiniplex_forest_clump_C, infiniplex_forest_straight_4,
          infiniplex_forest_lined_4_way, infiniplex_forest_lined_ring,
          infiniplex_forest_end_1, infiniplex_forest_clump_curved,
          infiniplex_forest_split, infiniplex_forest_diagonal
D:4:      layout_basic
D:5:      layout_loops_ring, minmay_temple_entry_antechambers,
          gammafunk_ghost_mausoleum, minmay_pentangle
D:6:      layout_layer_cave, nicolae_alphabet_shops, palyth_stone_intersect
D:7:      layout_cave_pools
D:8:      layout_basic, minmay_lair_entry_grove, ebering_ghost_rock_garden,
          nicolae_figureground_pulse
D:9:      layout_basic, nicolae_overflow_hidden_temple, david_orc_2,
          serial_shops, nicolae_square_shop
D:10:     layout_loops_cross, enter_trove_6, minivault_25, kennysheep_diamond,
          chequers_serial_rivers_micro_b,
          hellmonk_guarded_unrand_gyre_and_gimble, uniq_maurice
Temple:   dpeg_three_leaves_temple

Skill      XL: |  1  2  3  4  5  6  7  8  9 10 |
---------------+-------------------------------+-----
Transmutations | 3 4 5 |  5.0
Spellcasting   | 3 4 6 8 11 | 11.5
Earth Magic    | 4 5 6 7 |  7.0
Stealth        | 4 6 |  6.0
Short Blades   | 1 2 |  2.0
Air Magic      | 2 |  2.0
Conjurations   | 3 |  3.0
Poison Magic   | 2 |  2.0
Invocations    | 3 |  3.0
Dodging        | |  2.0

Action                   |  1- 3 |  4- 6 |  7- 9 | 10-12 || total
-------------------------+-------+-------+-------+-------++-------
Melee: Unarmed           |     7 |       |       |       ||     7
       Dagger            |    15 |    96 |    69 |       ||   180
       Constrict         |     7 |    11 |    20 |     4 ||    42
       Tentacles         |     4 |    38 |    44 |    23 ||   109
       Punch             |     1 |     5 |     1 |       ||     7
       Short sword       |       |       |    51 |    50 ||   101
 Cast: Sandblast         |    28 |    63 |    98 |    42 ||   231
       Petrify           |       |     2 |    51 |    34 ||    87
       Mephitic Cloud    |       |       |     2 |     4 ||     6
Evoke: Wand              |       |       |       |     6 ||     6
  Use: Potion            |     3 |       |     2 |       ||     5
       Scroll            |     1 |       |     2 |     2 ||     5
 Stab: Sleeping          |     7 |     2 |     8 |     1 ||    18
       Petrified         |       |    12 |    80 |    39 ||   131
       Petrifying        |       |       |     4 |       ||     4
       Confused          |       |       |       |     1 ||     1
Armor: Skin              |     2 |     4 |     1 |     3 ||    10
Dodge: Dodged            |    19 |    26 |    66 |    13 ||   124
